 Dungeon Crawl Stone Soup version 0.13-a0-2450-ga447c6a (webtiles) character file.

185143 4tharraofdagon the Destroyer (level 18, -4/85 HPs)
             Began as a Gargoyle Fire Elementalist on July 15, 2013.
             Was the Champion of Sif Muna.
             Killed from afar by a tengu reaver (19 damage)
             ... with a bolt of magma
             ... on Level 4 of the Vaults on July 17, 2013.
             The game lasted 03:47:39 (19013 turns).

4tharraofdagon the Destroyer (GrFE)                Turns: 19013, Time: 03:47:40

HP  -4/85        AC 26     Str 18      XL: 18   Next: 26%
MP   2/37        EV 16     Int 24      God: Sif Muna [******]
Gold 4799        SH 14     Dex 18      Spells: 10 memorised,  4 levels left

Res.Fire  : . . .   See Invis. : .   l - staff of conjuration
Res.Cold  : + . .   Warding    : .   q - +3 leather armour of Winter {rN+ MR++}
Life Prot.: + + .   Conserve   : .   M - +3 dwarf buckler
Res.Poison: +       Res.Corr.  : .   a - +0 winged helmet
Res.Elec. : +       Clarity    : .   n - +0 elf cloak
Sust.Abil.: . .     Spirit.Shd : .   t - +0 pair of gloves
Res.Mut.  : .       Stasis     : .   w - +2 pair of elf boots {run}
Res.Rott. : +       Flight     : +   W - amulet of the gourmand
Gourmand  : +                        X - ring of the Exiled Moons {Wiz rC+ Str+4}
                                     F - ring of the Hundredfold Seas {Regen Dex+3

@: about to teleport, agile, flying, quick, very resistant to hostile
enchantments, quite stealthy
A: large and strong wings, fangs 1, talons 2, life protection 1, electricity
resistance, slow metabolism 1, unbreathing, petrification resistance, AC +14,
Str +1, Int -1
a: Stop Flying, Channel Energy, Forget Spell, Renounce Religion


You were on level 4 of the Vaults.
You worshipped Sif Muna.
Sif Muna was exalted by your worship.
You were not hungry.

You visited 6 branches of the dungeon, and saw 37 of its levels.
You visited the Abyss 2 times.
You also visited: Labyrinth.

You collected 6147 gold pieces.
You spent 1368 gold pieces at shops.

Inventory:

Hand weapons
 O - the -5,-3 hammer "Rixantik" {venom, rElec rC+ Dex+3 Int+2 SInv}
   (You found it on level 6 of the Lair of Beasts)

   It poisons the flesh of those it strikes.
   It affects your intelligence (+2).
   It affects your dexterity (+3).
   It protects you from cold.
   It insulates you from electricity.
   It enhances your eyesight.
 P - a +0,+4 dagger of chaos (quivered)
Armour
 a - a +0 winged helmet (worn)
 n - a +0 elven cloak (worn)
 q - the +3 leather armour of Winter (worn) {rN+ MR++}
   (You took it off a deep elf demonologist on level 3 of the Elven Halls)

   It protects you from negative energy.
   It affects your resistance to hostile enchantments.
 t - a +0 pair of gloves (worn)
 w - a +2 pair of elven boots of running (worn)
 H - a +4 troll leather armour
 M - a +3 dwarven buckler (worn)
Magical devices
 D - a wand of digging (11)
 I - a wand of disintegration (11)
 J - a wand of fire (5)
 K - a wand of cold (5)
Comestibles
 c - 5 bread rations
 p - a pear
 z - 10 meat rations
Scrolls
 f - 2 scrolls of recharging
 g - 6 scrolls of remove curse
 j - 2 scrolls of vulnerability
 y - a scroll of fear
 S - a scroll of blinking
 V - 3 scrolls of amnesia
 Y - 4 scrolls of identify
Jewellery
 o - the amulet of Ghitoat {Faith -Tele +Rage rElec rF+ Str+1}
   (You found it in a labyrinth)

   [amulet of faith]

   It affects your strength (+1).
   It protects you from fire.
   It insulates you from electricity.
   It lets you go berserk.
   It prevents most forms of teleportation.
 r - an uncursed ring of wizardry
 x - an uncursed ring of fire
 C - an uncursed amulet of clarity
 F - the ring of the Hundredfold Seas (left hand) {Regen Dex+3 Int+2}
   (You bought it in a shop on level 4 of the Orcish Mines)

   [ring of regeneration]

   It affects your intelligence (+2).
   It affects your dexterity (+3).
 Q - an uncursed ring of protection from fire
 T - an uncursed ring of sustain abilities
 W - an amulet of the gourmand (around neck)
 X - the ring of the Exiled Moons (right hand) {Wiz rC+ Str+4}
   (You found it on level 5 of the Lair of Beasts)

   [ring of wizardry]

   It affects your strength (+4).
   It protects you from cold.
Potions
 d - 4 potions of speed
 e - 5 potions of restore abilities
 h - a potion of heal wounds
 i - 5 potions of curing
 k - 2 potions of might
 E - a potion of agility
 N - a potion of cure mutation
Books
 b - a book of the Earth

   Spells                             Type                      Level
   Dig                                Earth                        4
   Leda's Liquefaction                Hexes/Earth                  4
   Bolt of Magma                      Conjuration/Fire/Earth       5
   Statue Form                        Transmutation/Earth          6
   Iron Shot                          Conjuration/Earth            6
   Shatter                            Earth                        9
 m - Josephine's Collected Works on Attacks and Ignition
   (Sif Muna gifted it to you on level 3 of the Elven Halls)

   Spells                             Type                      Level
   Throw Frost                        Conjuration/Ice              2
   Throw Flame                        Conjuration/Fire             2
   Stone Arrow                        Conjuration/Earth            3
   Iskenderun's Mystic Blast          Conjuration                  4
   Fire Storm                         Conjuration/Fire             9
 v - Sif Muna's Handbook of Feathers and Attacks
   (Sif Muna gifted it to you on level 3 of the Elven Halls)

   Spells                             Type                      Level
   Shock                              Conjuration/Air              1
   Silence                            Hexes/Air                    5
   *Freezing Cloud                    Conjuration/Ice/Air          6
   Conjure Ball Lightning             Conjuration/Air              7
 G - a Necronomicon {highlevel}

   This book is beyond your current level of understanding.

   Spells                             Type                      Level
   Borgnjor's Revivification          Necromancy                   7
   Haunt                              Necromancy/Summoning         7
   Death's Door                       Charms/Necromancy            8
   Necromutation                      Transmutation/Necromancy     8
 L - a book of Party Tricks

   Spells                             Type                      Level
   Summon Butterflies                 Summoning                    1
   *Apportation                       Translocation                1
   *Blink                             Translocation                2
   Alistair's Intoxication            Transmutation/Poison         4
   Tukima's Dance                     Hexes                        5
 R - Sif Muna's Compendium of the Voyage
   (Sif Muna gifted it to you on level 2 of the Elven Halls)

   Spells                             Type                      Level
   Portal Projectile                  Translocation                2
   Recall                             Summoning/Translocation      3
   Passage of Golubria                Translocation                4
   Warp Weapon                        Charms/Translocation         5
   Phase Shift                        Translocation                5
Magical staves
 l - an uncursed staff of conjuration (weapon)
 A - an uncursed staff of energy
 U - an uncursed staff of earth
 Z - an uncursed staff of wizardry
Miscellaneous
 s - a stone of tremors


   Skills:
 - Level 1.5 Dodging
 - Level 2.1 Stealth
 - Level 3.0 Shields
 + Level 13.0 Spellcasting
 * Level 19.6 Conjurations
 - Level 3.6 Translocations
 * Level 18.3 Fire Magic
 - Level 2.0 Ice Magic
 - Level 4.1 Air Magic
 - Level 9.0 Invocations


You had 4 spell levels left.
You knew the following spells:

 Your Spells              Type           Power        Failure   Level  Hunger
a - Orb of Destruction    Conj           ########..   1%          7    ######.
b - Apportation           Tloc           ####......   1%          1    None
c - Sticky Flame          Conj/Fire      ########     0%          4    None
d - Fireball              Conj/Fire      ########..   1%          5    ##.....
e - Control Teleport      Chrm/Tloc      ###.......   8%          4    None
f - Delayed Fireball      Conj/Fire      N/A          1%          7    ######.
g - Bolt of Fire          Conj/Fire      ########..   1%          6    #####..
h - Repel Missiles        Chrm/Air       ####......   1%          2    None
i - Blink                 Tloc           N/A          1%          2    None
j - Freezing Cloud        Conj/Ice/Air   ######....   8%          6    #####..


Dungeon Overview and Level Annotations

Branches:
Dungeon (17/27)            Temple (1/1) D:6             Orc (4/4) D:9
    Elf (3/3) Orc:4          Lair (8/8) D:10         Spider (0/5) Lair:4
  Slime (0/6) Lair:8       Vaults (4/5) D:17
  Swamp: Lair:3-6    Shoals: Lair:3-6     Snake: Lair:3-6     Blade: Vaults:3-4
  Crypt: Vaults:2-3  Forest: Vaults:2-3

Altars:
Ashenzari
Cheibriados
Elyvilon
Fedhas
Kikubaaqudgha
Makhleb
Nemelex Xobeh
Okawaru
Sif Muna
Trog
Vehumet
Xom
Yredelemnul
Zin
the Shining One
Beogh
Jiyva

Shops:
D:9: / D:14: [ Orc:2: (***} Orc:3: % Orc:4: %*( Elf:1: + Elf:3: *

Portals:
Trove: Elf:3 (give +2 storm dragon armour)

Annotations
D:14 Somebody's ghost, powerful DEFE
D:16 Nikola
Elf:2 Aizul
Lair:6 exclusion: oklob plant
Vaults:1 Norris


Innate Abilities, Weirdness & Mutations

You are resistant to torment.
You are immune to poison.
You can fly continuously.
Your stone body is very resilient (AC +14).
Your wings are large and strong.
You have very sharp teeth.
You have razor-sharp toenails.
You resist negative energy.
You are resistant to electric shocks.
You have a slow metabolism.
You can survive without breathing.
You are immune to petrification.
You are dopey (Int -1).
Your muscles are strong (Str +1).


Message History

Unknown command.
Use which ability? (? or * to list)
You channel some magical energy.
You feel somewhat more hungry.
The tengu reaver points at you and mumbles some strange words.
The bolt of magma hits you!
One of your 2 scrolls of fear catches fire!
* * * LOW HITPOINT WARNING * * *
Unknown command.
Casting: Control Teleport
Confirm with . or Enter, or press ? or * to list all spells.
Aiming: Sticky Flame
Press: ? - help, Shift-Dir - straight line, f/p - tengu reaver
Aim: a tengu reaver, wielding a runed war axe, wearing a ring mail and wearing a shiny buckler (deflecting missiles)
You feel a surge of power!
The sticky flame hits the tengu reaver.
The tengu reaver is moderately wounded.
The tengu reaver is covered in liquid flames!
The tengu reaver burns!
The tengu reaver gestures at you while chanting.
The bolt of magma hits you!
You die...

. $.# ..# #.# #.#
# ## .. ###.# ##
.#+#...##.#?# .##
......##..####
..##m....##....H@#
...'.....'.)*.)..#
..##)....##......+
.## ......##..####
## .#+#...##.#s# #
## .. ###.# #.#
#.# ..#


You could see a tengu reaver (burning) and a wolf spider.

Vanquished Creatures
  2 deep elf blademasters (Elf:3)
  3 deep elf master archers (Elf:3)
  2 frost giants
  5 vault wardens
  A fire giant (Vaults:4)
  8 deep elf sorcerers (Elf:3)
  15 deep elf annihilators
  9 deep elf demonologists (Elf:3)
  Azrael (Elf:2)
  A minotaur (Lab)
  Snorg (D:15)
  8 deep elf death magi
  3 vault guards
  3 ironheart preservers
  4 deep elf high priests
  Fannar (D:10)
  2 yaktaur captains (Vaults:2)
  Josephine (Elf:1)
  5 hydras
  An anaconda (shapeshifter) (Elf:3)
  Erica (Orc:2)
  An ogre mage (D:17)
  6 death yaks (Lair:8)
  3 spectral elves
  A deep troll shaman (Lair:8)
  2 very ugly things
  4 orc high priests
  6 centaur warriors
  A storm dragon zombie (Vaults:2)
  A catoblepas (Lair:8)
  15 deep elf knights
  4 iron trolls
  A water nymph (shapeshifter) (Vaults:4)
  6 skeletal warriors
  A deep troll (Vaults:2)
  An unseen horror (D:13)
  4 ironbrand convokers
  Pikel (D:6)
  5 hill giants
  Joseph (Orc:2)
  3 harpies (Vaults:3)
  13 deep elf conjurers
  5 cyclopes
  2 griffons (Vaults:2)
  A lindwurm (Lair:8)
  2 statues (D:10)
  5 orc sorcerers
  6 orc knights
  3 red wasps
  2 stone giant zombies (Vaults:2)
  A frost giant zombie (Vaults:2)
  A sixfirhy (Elf:3)
  2 black mambas
  A spiny worm (Vaults:4)
  A necromancer (D:17)
  4 wolf spiders
  A wolf spider (shapeshifter) (Elf:3)
  A stone giant skeleton (Vaults:4)
  Maurice (Orc:2)
  9 deep elf summoners
  5 elephants (Lair:8)
  2 vault sentinels (Vaults:4)
  A feature mimic (Orc:4)
  A black mamba (shapeshifter) (Elf:3)
  Psyche (D:10)
  A yaktaur (shapeshifter) (Elf:3)
  7 spiny frogs
  An iron troll zombie (Vaults:1)
  20 yaktaurs
  A fire drake (Lair:7)
  2 wandering mushrooms (Lair:8)
  3 jumping spiders
  6 deep elf priests
  3 hellwings
  5 trolls
  7 komodo dragons
  A polar bear (shapeshifter) (Elf:1)
  3 boulder beetles
  A hydra skeleton (D:14)
  A red wasp zombie (Elf:1)
  3 blink frogs (Lair:6)
  10 slime creatures
  4 two-headed ogres
  3 basilisks
  2 wyverns
  A trapdoor spider zombie (Elf:1)
  A grizzly bear (Lair:8)
  A giant firefly (shapeshifter) (Vaults:2)
  A water elemental (D:12)
  A trapdoor spider (D:11)
  A hill giant zombie (D:14)
  4 redbacks
  A tarantella (Elf:2)
  An alligator skeleton (Elf:1)
  24 deep elf magi
  A shadow (D:12)
  25 yaks
  A spiny worm zombie (D:14)
  14 deep elf fighters
  5 vampire mosquitoes
  A wraith (D:13)
  A golden eye (shapeshifter) (Vaults:2)
  A shark (D:12)
  A hill giant skeleton (D:15)
  9 hungry ghosts
  21 ugly things
  4 hippogriffs
  A hippogriff (shapeshifter) (Vaults:2)
  Edmund (D:6)
  20 wolves
  3 hell hounds
  A mottled dragon (D:14)
  2 manticores
  4 porcupines
  3 slaves (D:6)
  2 freezing wraiths
  2 small abominations (Abyss:1)
  4 ice beasts
  A black bear (shapeshifter) (D:17)
  22 orc warriors
  4 sky beasts
  A yellow wasp (D:17)
  A black bear (D:9)
  11 ogres
  4 phantoms
  A boring beetle (shapeshifter) (Elf:2)
  12 centaurs
  2 wargs
  Duvessa (D:9)
  10 giant frogs
  3 giant slugs
  13 crocodiles
  4 agate snails
  8 water moccasins
  2 big kobolds
  A yak zombie (D:7)
  A glowing shapeshifter simulacrum (Elf:1)
  4 jellyfish
  3 yak skeletons
  9 wights
  A troll skeleton (D:13)
  5 killer bees (D:9)
  2 crimson imps
  5 electric eels
  8 hounds
  5 spiders
  Dowan (D:9)
  4 goliath beetles
  A big fish (D:10)
  21 orc priests
  27 orc wizards
  A water moccasin skeleton (Elf:1)
  7 worker ants
  A gnoll shaman (D:7)
  A shapeshifter simulacrum (Elf:1)
  4 scorpions
  8 sheep
  9 iguanas
  2 mottled dragon zombies
  3 orange rats
  A big kobold skeleton (D:14)
  Ijyb (D:4)
  An ogre zombie (D:6)
  6 boggarts (D:14)
  5 gnolls (D:7)
  A worker ant zombie (D:7)
  17 adders
  4 giant centipedes
  2 giant mites
  7 green rats
  2 worms
  An iguana zombie (D:10)
  A giant eyeball (D:6)
  6 giant geckos
  142 orcs
  A ball python (D:3)
  17 goblins
  12 hobgoblins
  15 jackals
  13 kobolds
  9 quokkas
  8 bats
  6 giant cockroaches
  A giant cockroach zombie (D:6)
  A giant newt (D:4)
  2 giant spores
  A kobold skeleton (D:4)
  An orc skeleton (D:4)
  4 orc zombies (Orc:4)
  12 rats
  7 rat skeletons (Orc:4)
  5 ballistomycetes
  7 bushes
  A butterfly (Lair:8)
  5 crawling corpses
  6 fungi
  A plant (Lair:2)
1028 creatures vanquished.

Vanquished Creatures (collateral kills)
  A giant frog (Lair:4)
  2 jackals (Lair:4)
3 creatures vanquished.

Vanquished Creatures (others)
  A hill giant (D:14)
  A deep elf conjurer (Elf:2)
  A deep elf fighter (Elf:1)
  A slave (D:6)
  A warg (Vaults:4)
  A worm (D:6)
  3 orcs
  A jackal (D:10)
  A giant spore (D:14)
  A quokka (Lair:1)
  4 rat skeletons (Orc:4)
  A fungus (Elf:2)
  A plant (Lair:8)
18 creatures vanquished.

Grand Total: 1049 creatures vanquished

Notes
Turn   | Place    | Note
--------------------------------------------------------------
     0 | D:1      | 4tharraofdagon, the Gargoyle Fire Elementalist, began the quest for the Orb.
     0 | D:1      | Reached XP level 1. HP: 10/10 MP: 3/3
   125 | D:2      | Reached XP level 2. HP: 13/15 MP: 1/4
   253 | D:2      | Reached XP level 3. HP: 11/19 MP: 1/6
   262 | D:2      | Learned a level 3 spell: Conjure Flame
   555 | D:5      | Entered Level 5 of the Dungeon
   572 | D:5      | Noticed a sky beast
   668 | D:5      | Killed a sky beast
   668 | D:5      | Reached skill level 4 in Fire Magic
   668 | D:5      | Reached XP level 4. HP: 17/24 MP: 1/8
   668 | D:5      | Reached XP level 5. HP: 19/28 MP: 1/9
   682 | D:5      | Learned a level 4 spell: Sticky Flame
   693 | D:4      | Noticed Ijyb
   721 | D:5      | Noticed an ogre
   759 | D:4      | Noticed a phantom
   890 | D:4      | Killed a phantom
   890 | D:4      | Reached XP level 6. HP: 26/32 MP: 2/11
  1155 | D:4      | Killed Ijyb
  1157 | D:4      | Got a shimmering shield
  1164 | D:4      | Identified the cursed -5 shield of Negation {+Blink +Rage SInv} (You took it off Ijyb on level 4 of the Dungeon)
  1225 | D:5      | Noticed an ogre
  1349 | D:6      | Reached skill level 5 in Fire Magic
  1483 | D:6      | Noticed Edmund
  1502 | D:6      | Killed Edmund
  1502 | D:6      | Reached skill level 5 in Conjurations
  1502 | D:6      | Reached XP level 7. HP: 15/36 MP: 3/13
  1832 | D:7      | Reached skill level 6 in Conjurations
  1928 | D:6      | Paralysed by a giant eyeball for 4 turns
  1942 | D:6      | Noticed Pikel
  1999 | D:6      | Killed Pikel
  1999 | D:6      | Reached skill level 7 in Conjurations
  1999 | D:6      | Reached XP level 8. HP: 26/41 MP: 4/17
  2170 | D:6      | Found a staircase to the Ecumenical Temple.
  2187 | Temple   | Entered the Ecumenical Temple
  2221 | Temple   | Became a worshipper of Sif Muna the Loreminder
  2307 | D:4      | Noticed a sky beast
  2316 | D:4      | Killed a sky beast
  2383 | D:4      | Noticed an ogre
  2408 | D:4      | Reached XP level 9. HP: 42/45 MP: 12/19
  2420 | D:4      | Killed an ogre
  2420 | D:4      | Reached skill level 8 in Conjurations
  2472 | D:4      | Acquired Sif Muna's first power
  2685 | D:5      | Killed an ogre
  2685 | D:5      | Reached skill level 1 in Invocations
  2909 | D:7      | Learned a level 5 spell: Fireball
  3215 | D:8      | Reached skill level 5 in Spellcasting
  3402 | D:10     | Entered Level 10 of the Dungeon
  3416 | D:10     | Identified a +1 pair of elven boots of running (You found it on level 10 of the Dungeon)
  3468 | D:9      | Noticed Dowan
  3468 | D:9      | Noticed Duvessa
  3473 | D:10     | Acquired Sif Muna's second power
  3640 | D:10     | Reached skill level 9 in Conjurations
  3640 | D:10     | Reached XP level 10. HP: 46/50 MP: 18/22
  3657 | D:10     | Noticed Fannar
  3662 | D:10     | Reached skill level 5 in Invocations
  3675 | D:10     | Killed Fannar
  3817 | D:10     | Noticed Psyche
  3824 | D:10     | Killed Psyche
  3999 | D:10     | Found a staircase to the Lair.
  4072 | Lair:1   | Entered Level 1 of the Lair of Beasts
  4237 | Lair:1   | Acquired Sif Muna's third power
  4239 | Lair:1   | Reached XP level 11. HP: 35/54 MP: 7/25
  4277 | Lair:1   | Reached skill level 10 in Conjurations
  4645 | Lair:5   | 4tharraofdagon: CLANG
  4725 | Lair:5   | Got an ancient bone ring
  4753 | Lair:5   | Identified the ring of the Exiled Moons {Wiz rC+ Str+4} (You found it on level 5 of the Lair of Beasts)
  4819 | Lair:5   | Got a bone mace
  4836 | Lair:5   | Reached skill level 10 in Fire Magic
  4850 | Lair:5   | Identified the mace of Tension {flame, rElec rN+} (You found it on level 5 of the Lair of Beasts)
  4883 | Lair:5   | Noticed a four-headed hydra
  4947 | Lair:5   | Killed a four-headed hydra
  4991 | Lair:5   | Learned a level 4 spell: Control Teleport
  5129 | Lair:6   | Reached skill level 11 in Conjurations
  5193 | Lair:6   | Reached skill level 1 in Translocations
  5241 | Lair:6   | Got a faintly glowing hammer
  5242 | Lair:6   | Identified the cursed hammer "Rixantik" {venom, rElec rC+ Dex+3 Int+2 SInv} (You found it on level 6 of the Lair of Beasts)
  5339 | Lair:6   | Got a dazzling hammer
  5340 | Lair:6   | Identified a scroll of acquirement
  5344 | Lair:6   | Identified the hammer of Severance {venom, rElec Str+3 Dex+4} (You found it on level 6 of the Lair of Beasts)
  5473 | Lair:7   | Reached XP level 12. HP: 59/59 MP: 16/27
  5527 | Lair:8   | Entered Level 8 of the Lair of Beasts
  5684 | Lair:8   | Noticed a seven-headed hydra
  5707 | Lair:8   | Killed a seven-headed hydra
  5752 | Lair:8   | Reached skill level 12 in Conjurations
  5786 | Lair:8   | Found a viscous altar of Jiyva.
  5789 | Lair:8   | Found a staircase to the Slime Pits.
  6067 | Lair:8   | Received a gift from Sif Muna
  6078 | Lair:8   | Learned a level 7 spell: Delayed Fireball
  6085 | Lair:8   | Learned a level 6 spell: Bolt of Fire
  6156 | Lair:8   | Noticed a death yak
  6159 | Lair:8   | Noticed a death yak
  6159 | Lair:8   | Noticed a death yak
  6160 | Lair:8   | Noticed a death yak
  6161 | Lair:8   | Killed a death yak
  6162 | Lair:8   | Killed a death yak
  6163 | Lair:8   | Noticed a death yak
  6165 | Lair:8   | Noticed a death yak
  6171 | Lair:8   | Killed a death yak
  6173 | Lair:8   | Killed a death yak
  6176 | Lair:8   | Killed a death yak
  6183 | Lair:8   | Killed a death yak
  6183 | Lair:8   | Reached XP level 13. HP: 22/63 MP: 10/29
  6218 | Lair:8   | Reached skill level 13 in Conjurations
  6359 | Lair:8   | Noticed a deep troll shaman
  6369 | Lair:8   | Killed a deep troll shaman
  6460 | Lair:8   | Received a gift from Sif Muna
  6469 | Lair:8   | Identified Sif Muna's Disquisition on Battle Magic (Sif Muna gifted it to you on level 8 of the Lair of Beasts)
  6843 | Lair:7   | Gained mutation: Your digestive system is specialised to digest meat. [potion of mutation]
  6843 | Lair:7   | Gained mutation: You are dopey (Int -1). [potion of mutation]
  6843 | Lair:7   | Lost mutation: Your digestive system is specialised to digest meat. [potion of mutation]
  6939 | Lair:4   | Found a hole to the Spider Nest.
  7513 | D:9      | Killed Dowan
  7514 | D:9      | Killed Duvessa
  7567 | D:10     | Noticed an archer statue
  7567 | D:10     | Noticed an archer statue
  7902 | D:9      | Found Uti Qiutt's Magical Wand Shop.
  7936 | D:9      | Found a staircase to the Orcish Mines.
  7964 | Orc:1    | Entered Level 1 of the Orcish Mines
  8105 | Orc:2    | Noticed Maurice
  8108 | Orc:2    | Killed Maurice
  8118 | Orc:2    | Noticed Erica
  8126 | Orc:2    | Killed Erica
  8184 | Orc:2    | Found Jaaskun's Assorted Antiques.
  8197 | Orc:2    | Bought a silvery potion for 27 gold pieces
  8230 | Orc:2    | Found Teomesall's Weapon Shoppe.
  8618 | Orc:3    | Found Curazul's Food Shop.
  8815 | Orc:2    | Found Saunuho's Assorted Antiques.
  8822 | Orc:2    | Noticed Joseph
  8841 | Orc:2    | Killed Joseph
  8841 | Orc:2    | Reached skill level 14 in Conjurations
  8902 | Orc:2    | Found Huocu's Assorted Antiques.
  8920 | Orc:2    | Bought a scroll labeled ESTRU TWUEBOBLU for 33 gold pieces
  8923 | Orc:2    | Found Mimu's Gadget Boutique.
  8955 | Orc:2    | Bought a crooked jewelled staff for 348 gold pieces
  9002 | Orc:4    | Entered Level 4 of the Orcish Mines
  9265 | Orc:4    | Found a staircase to the Elven Halls.
  9362 | Orc:3    | Found a roughly hewn altar of Beogh.
  9461 | Orc:4    | Received a gift from Sif Muna
  9466 | Orc:4    | Identified Sif Muna's Guide on Burning Confrontation (Sif Muna gifted it to you on level 4 of the Orcish Mines)
  9619 | Orc:4    | Paralysed by an orc sorcerer for 2 turns
  9700 | Orc:4    | Found Depuepo's Food Emporium.
  9700 | Orc:4    | Found Klos' Magic Scroll Shop.
  9701 | Orc:4    | Found Tadolius' General Store.
  9701 | Orc:4    | Found Ehasmapt's Weapon Shop.
  9711 | Orc:4    | Klos' Magic Scroll Shop was a mimic.
  9746 | Orc:4    | Bought the ring of the Hundredfold Seas {Regen Dex+3 Int+2} for 580 gold pieces
  9785 | Orc:4    | Gained mutation: Your wings are large and strong. [gargoyle growth]
  9785 | Orc:4    | Reached XP level 14. HP: 63/68 MP: 16/31
 10050 | Elf:1    | Entered Level 1 of the Elven Halls
 10059 | Elf:1    | Noticed Josephine
 10061 | Elf:1    | Killed Josephine
 10246 | Elf:1    | Reached skill level 15 in Conjurations
 10279 | Elf:1    | Gained mutation: Your muscles are strong (Str +1). [mutagenic meat]
 10411 | Elf:2    | Received a gift from Sif Muna
 10449 | Elf:2    | Identified Sif Muna's Compendium of the Voyage (Sif Muna gifted it to you on level 2 of the Elven Halls)
 10484 | Elf:2    | Reached skill level 10 in Spellcasting
 10518 | Elf:2    | Noticed Aizul
 10665 | Elf:3    | Entered Level 3 of the Elven Halls
 10860 | Elf:1    | Found Ydiad's Book Shop.
 10868 | Elf:1    | Bought a book of Minor Magic for 360 gold pieces
 10875 | Elf:1    | Learned a level 2 spell: Repel Missiles
 10878 | Elf:1    | Learned a level 2 spell: Blink
 11122 | Elf:3    | Found Cosoem's General Store.
 11217 | Elf:3    | Reached skill level 15 in Fire Magic
 11262 | Elf:3    | Found a portal to a secret trove of treasure.
 11402 | Elf:3    | Reached skill level 16 in Conjurations
 11405 | Elf:3    | Reached XP level 15. HP: 72/72 MP: 5/32
 11450 | Elf:3    | Received a gift from Sif Muna
 11506 | Elf:3    | Identified Sif Muna's Handbook of Feathers and Attacks (Sif Muna gifted it to you on level 3 of the Elven Halls)
 11514 | Elf:3    | Learned a level 6 spell: Freezing Cloud
 11689 | Elf:3    | Noticed Azrael
 11952 | Elf:2    | Reached skill level 1 in Ice Magic
 11952 | Elf:2    | Reached skill level 1 in Air Magic
 12080 | Elf:2    | Got a pair of heavily runed boots
 12313 | Elf:2    | Killed Azrael
 12781 | Elf:3    | Noticed a deep elf sorcerer
 12789 | Elf:3    | Killed a deep elf sorcerer
 12867 | Elf:3    | Noticed a deep elf sorcerer
 12890 | Elf:3    | Killed a deep elf sorcerer
 12933 | Elf:3    | Noticed a deep elf sorcerer
 12957 | Elf:3    | Killed a deep elf sorcerer
 12979 | Elf:3    | Noticed a deep elf sorcerer
 12981 | Elf:3    | Killed a deep elf sorcerer
 12981 | Elf:3    | Received a gift from Sif Muna
 13036 | Elf:3    | Identified the cursed +1 pair of boots of the Demon Prince {rC+} (You found it on level 2 of the Elven Halls)
 13149 | Elf:3    | Noticed a deep elf master archer
 13152 | Elf:3    | Killed a deep elf master archer
 13156 | Elf:3    | Noticed a deep elf blademaster
 13160 | Elf:3    | Killed a deep elf blademaster
 13262 | Elf:3    | Noticed a deep elf sorcerer
 13265 | Elf:3    | Noticed a deep elf sorcerer
 13267 | Elf:3    | Killed a deep elf sorcerer
 13267 | Elf:3    | Reached skill level 17 in Conjurations
 13267 | Elf:3    | Reached XP level 16. HP: 62/76 MP: 8/34
 13390 | Elf:3    | Got an ichor-stained leather armour
 13413 | Elf:3    | Identified the cursed +3 leather armour of Winter {rN+ MR++} (You took it off a deep elf demonologist on level 3 of the Elven Halls)
 13522 | Elf:3    | Killed a deep elf sorcerer
 13572 | Elf:3    | Noticed a deep elf master archer
 13576 | Elf:3    | Killed a deep elf master archer
 13655 | Elf:3    | Noticed a deep elf blademaster
 13664 | Elf:3    | Killed a deep elf blademaster
 13664 | Elf:3    | Received a gift from Sif Muna
 13756 | Elf:3    | Noticed a deep elf sorcerer
 13848 | Elf:3    | Cast into the Abyss (deep elf sorcerer)
 13848 | Abyss:1  | Found a corrupted altar of Lugonu.
 13899 | Elf:3    | Escaped the Abyss
 13899 | Elf:3    | Noticed a deep elf master archer
 13904 | Elf:3    | Killed a deep elf sorcerer
 13932 | Elf:3    | Killed a deep elf master archer
 13979 | Elf:3    | Identified Josephine's Collected Works on Attacks and Ignition (Sif Muna gifted it to you on level 3 of the Elven Halls)
 14108 | Elf:3    | Noticed a deep elf sorcerer
 14216 | Elf:3    | Cast into the Abyss (deep elf sorcerer)
 14216 | Abyss:1  | Found a corrupted altar of Lugonu.
 14245 | Abyss:1  | Learned a level 4 spell: Iskenderun's Mystic Blast
 14279 | Abyss:1  | Found a corrupted altar of Lugonu.
 14381 | Abyss:1  | Got a dazzling great mace
 14457 | Elf:3    | Escaped the Abyss
 14460 | Elf:3    | Killed a deep elf sorcerer
 14806 | Elf:3    | Identified Twot's Disquisition on Confrontation (You found it on level 3 of the Elven Halls)
 14854 | Elf:3    | Identified Vyoc Fil's Disquisition on Protection (You found it on level 3 of the Elven Halls)
 14884 | Elf:3    | Upgraded the game from 0.13-a0-2398-gfa67c8a to 0.13-a0-2417-g818e1a6
 15044 | Orc:2    | Bought an embroidered robe for 20 gold pieces
 15261 | D:10     | Learned a level 7 spell: Orb of Destruction
 15302 | D:10     | Killed an archer statue
 15303 | D:10     | Killed an archer statue
 15422 | D:11     | Received a gift from Sif Muna
 15424 | D:11     | Identified Sif Muna's Volume of Arcane Weapons and the Escort (Sif Muna gifted it to you on level 11 of the Dungeon)
 15497 | D:12     | Found a labyrinth entrance.
 15499 | D:12     | Reached skill level 18 in Conjurations
 15522 | Lab      | Entered a labyrinth
 15813 | Lab      | Got a faintly glowing iron amulet
 15839 | Lab      | Identified the amulet of Ghitoat {Faith -Tele +Rage rElec rF+ Str+1} (You found it in a labyrinth)
 16186 | D:13     | Learned a level 1 spell: Apportation
 16348 | D:14     | Entered Level 14 of the Dungeon
 16499 | D:14     | Found Yhuad's Armour Boutique.
 16516 | D:14     | Reached XP level 17. HP: 78/80 MP: 3/35
 16595 | D:14     | Found an iron altar of Okawaru.
 16657 | D:14     | Noticed Somebody's ghost (powerful DEFE)
 16785 | D:15     | Entered Level 15 of the Dungeon
 16793 | D:15     | Noticed Snorg
 16798 | D:15     | Killed Snorg
 17142 | D:16     | Reached skill level 1 in Shields
 17158 | D:16     | Noticed Nikola
 17338 | D:17     | Received a gift from Sif Muna
 17341 | D:17     | Identified Sif Muna's Collected Works on Damage Dealing (Sif Muna gifted it to you on level 17 of the Dungeon)
 17420 | D:17     | Found a staircase to the Vaults.
 17436 | Vaults:1 | Entered Level 1 of the Vaults
 17525 | Vaults:1 | Upgraded the game from 0.13-a0-2417-g818e1a6 to 0.13-a0-2450-ga447c6a
 18176 | Vaults:2 | Reached skill level 19 in Conjurations
 18549 | Vaults:1 | Noticed Norris
 18549 | Vaults:1 | Paralysed by Norris for 6 turns
 18631 | Vaults:3 | Received a gift from Sif Muna
 18639 | Vaults:3 | Reached XP level 18. HP: 85/85 MP: 12/36
 18649 | Vaults:3 | Identified Sif Muna's Advanced Magic (Sif Muna gifted it to you on level 3 of the Vaults)
 19013 | Vaults:4 | Killed from afar by a tengu reaver

Action                   |  1- 3 |  4- 6 |  7- 9 | 10-12 | 13-15 | 16-18 || total
-------------------------+-------+-------+-------+-------+-------+-------++-------
Melee: Unarmed           |    56 |    34 |       |       |       |       ||    90
       Dire flail        |       |       |   134 |    86 |       |       ||   220
       Hammer            |       |       |       |    18 |   137 |     3 ||   158
       Staff             |       |       |       |       |    10 |    17 ||    27
 Cast: Flame Tongue      |    41 |    50 |    71 |    89 |    39 |       ||   290
       Conjure Flame     |       |     2 |    10 |    38 |    16 |     7 ||    73
       Sticky Flame      |       |     3 |    30 |    65 |    78 |    25 ||   201
       Fireball          |       |       |       |    66 |   278 |   184 ||   528
       Bolt of Fire      |       |       |       |     6 |    86 |   127 ||   219
       Delayed Fireball  |       |       |       |     1 |    11 |     8 ||    20
       Repel Missiles    |       |       |       |       |     9 |    61 ||    70
       Freezing Cloud    |       |       |       |       |    12 |     9 ||    21
       Blink             |       |       |       |       |     4 |     8 ||    12
       Control Teleport  |       |       |       |       |     3 |     4 ||     7
       Orb of Destructio |       |       |       |       |       |    39 ||    39
       Apportation       |       |       |       |       |       |    23 ||    23
       Iskenderun's Myst |       |       |       |       |       |     2 ||     2
Invok: Channel Energy    |       |       |    15 |   195 |   602 |   560 ||  1372
       Forget Spell      |       |       |       |       |       |     2 ||     2
 Abil: Release Delayed F |       |       |       |       |    10 |     9 ||    19
       Fly               |       |       |       |       |     2 |       ||     2
       Stop Flying       |       |       |       |       |     1 |       ||     1
Evoke: Wand              |       |       |       |       |    21 |     5 ||    26
  Use: Scroll            |       |     5 |       |    20 |    22 |    19 ||    66
       Potion            |       |       |     2 |       |     5 |     8 ||    15
 Stab: Sleeping          |       |       |       |     1 |     1 |       ||     2
       Distracted        |       |       |       |       |     1 |       ||     1
